 Dungeon Crawl Stone Soup version 0.28.0-53-g5a82cb258f (webtiles) character file.

Game seed: 5441472672665101031

274 firemarshallily the Ruffian (level 6, -18/56 HPs)
             Began as a Ghoul Monk on Aug 7, 2022.
             Demolished by an ogre
             ... wielding a +0 giant spiked club
              (23 damage)
             ... on level 4 of the Dungeon.
             The game lasted 00:09:14 (2675 turns).

firemarshallily the Ruffian (Ghoul Monk)            Turns: 2675, Time: 00:09:14

Health: -18/56     AC:  7    Str: 21    XL:     6   Next: 24%
Magic:  5/5        EV: 12    Int:  5    God:
Gold:   128        SH:  0    Dex: 13    Spells: 5/5 levels left

rFire   . . .      SeeInvis .     - Unarmed
rCold   + . .      Faith    .   (no shield)
rNeg    + + +      Spirit   .   a - +0 robe
rPois   ∞          Reflect  .   q - +0 helmet
rElec   .          Harm     .   m - +2 cloak
rCorr   .          Rampage  .   (no gloves)
Will    .....                   o - +0 pair of boots
Stlth   ++........              (no amulet)
HPRegen 0.00/turn               f - +6 ring of strength
MPRegen 0.09/turn               (no ring)

@: inhibited regen, hasted, very quick
A: claws 1, cold resistance 1, negative energy resistance 3, inhibited
regeneration, torment resistance 2
a: no special abilities


You were on level 4 of the Dungeon.
You visited 1 branch of the dungeon, and saw 4 of its levels.

You collected 254 gold pieces.
You spent 126 gold pieces at shops.

Inventory:

Missiles
 b - 88 stones (quivered)
 i - 2 javelins
 p - 3 poisoned darts
Armour
 a - a +0 robe (worn)
 m - a +2 cloak (worn)
 o - a +0 pair of boots (worn)
 q - a +0 helmet (worn)
Jewellery
 e - a ring of fire
 f - a +6 ring of strength (left claw)
Wands
 k - a wand of digging (8)
 s - a wand of flame (18)
 v - a wand of acid (6)
Scrolls
 d - a scroll of silence {unknown}
 g - a scroll of magic mapping
 h - a scroll of identify {unknown}
 j - a scroll of amnesia {unknown}
 r - a scroll of immolation {unknown}
 t - a scroll of teleportation {unknown}
 u - a scroll of fog {unknown}
Potions
 l - a potion of degeneration {unknown}
 n - a potion of flight {unknown}


   Skills:
 * Level 5.2 Fighting
 + Level 2.8 Dodging
 + Level 3.8 Stealth
 * Level 5.3 Unarmed Combat


You had 5 spell levels left.
You didn't know any spells.
Your spell library contained the following spells:

 Spells                   Type           Power      Damage    Failure   Level
 Static Discharge         Conj/Air       0%         N/A       63%         2
 Lightning Bolt           Conj/Air       0%         1d11      100%        5
 Maxwell's Capacitive Co  Air            0%         ∞         100%        8


Dungeon Overview and Level Annotations

Branches:
Dungeon (4/15)
 Temple: D:4-7

Altars:
Gozag

Shops:
D:2 [


Innate Abilities, Weirdness & Mutations

You thrive by killing the living.
You are immune to poison.
You have sharp fingernails.
Your flesh is cold resistant. (rC+)
You are immune to negative energy. (rN+++)
You do not regenerate when monsters are visible.
You are immune to unholy pain and torment.


Message History

You have reached level 6!
The orc shouts!
The goblin completely misses you.
You see here a scorpion corpse.
You claw the goblin!
You kill the goblin!
The orc barely misses you.
Found a stone staircase leading down.
The orc hits you with a +0 trident.
You see here a +0 dagger.
You claw the orc!
You kill the orc!
You feel better.
You see here a +0 trident.
Found 17 sling bullets.
An ogre comes into view. It is wielding a +0 giant spiked club.
The ogre shouts!
You scratch the ogre but do no damage.
You hear an angry hiss.
The ogre barely misses you.
You claw the ogre!
The ogre is moderately wounded.
The ogre hits you with a +0 giant spiked club!!
You scratch the ogre.
The ogre is moderately wounded.
An iguana comes into view.
You scratch the ogre but do no damage.
The ogre is moderately wounded.
The ogre barely misses you.
You scratch the ogre.
The ogre is moderately wounded.
The ogre hits you with a +0 giant spiked club!
You claw the ogre!
The ogre is severely wounded.
You completely miss the ogre.
The ogre is severely wounded.
The ogre hits you with a +0 giant spiked club!
* * * LOW HITPOINT WARNING * * *
It was a potion of haste.
You feel yourself speed up.
The ogre hits you with a +0 giant spiked club!!
You die...

####.#.##†.........#
#.....<.#).........#
#........)......>..##
#..................#.
#..>.................
#.......#...........[
#.......#...........#
####.####............
#####@####............
#....O...#..........#<
#......(.##.#...#..##.
#..............###..##
#.....l..##.##.# ##.##
#...........##.# #..#
#........#####.# ##..
#...(...... #. ##.
#........##. #.


You could see an ogre and an iguana.

Vanquished Creatures
  A scorpion (D:4)
  An orc priest (D:3)
  A hound (D:4)
  3 gnolls (D:2)
  4 adders
  A worm (D:3)
  3 dart slugs
  9 orcs
  5 bats
  6 endoplasms
  4 giant cockroaches
  5 goblins
  7 hobgoblins
  A quokka (D:2)
  6 ball pythons
  8 frilled lizards
  8 kobolds
  6 rats
79 creatures vanquished.

Vanquished Creatures (others)
  7 plants (D:3)
  8 withered plants (D:3)
15 creatures vanquished.

Grand Total: 94 creatures vanquished

Notes
Turn   | Place    | Note
-------+----------+-------------------------------------------
     0 | D:1      | firemarshallily the Ghoul Monk began the quest for the Orb.
     0 | D:1      | Reached XP level 1. HP: 19/19 MP: 0/0
     3 | D:1      | Noticed an electric eel
     4 | D:1      | Noticed an electric eel
   307 | D:1      | Reached XP level 2. HP: 23/26 MP: 1/1
   791 | D:1      | Reached XP level 3. HP: 33/33 MP: 2/2
  1196 | D:2      | Found Olim Denk's Armour Shoppe.
  1204 | D:2      | Bought a +0 cloak for 63 gold pieces
  1302 | D:2      | Reached XP level 4. HP: 39/40 MP: 3/3
  1720 | D:2      | Bought a +0 pair of boots for 63 gold pieces
  1741 | D:3      | Found an opulent altar of Gozag.
  1807 | D:3      | Reached XP level 5. HP: 46/47 MP: 4/4
  2000 | D:3      | Found a faded altar of an unknown god.
  2567 | D:4      | Reached skill level 5 in Unarmed Combat
  2599 | D:4      | Reached skill level 5 in Fighting
  2650 | D:4      | Reached XP level 6. HP: 56/56 MP: 5/5
  2675 | D:4      | Demolished by an ogre

Illustrated notes

Levels and vault maps discovered:
D:1:      arrival_aquarium_b, layout_basic
D:2:      minmay_chambers_of_twos, layout_basic, serial_shops, shop
D:3:      layout_loops_ring, lemuel_crystal_altar,
          shapermc_ecumenical_altar_flowoftime
D:4:      layout_rooms, mainiacjoe_overflow_alcove_2,
          mainiacjoe_overflow_alcove_4, mainiacjoe_overflow_paths,
          skrybe_limestone_x, kennysheep_flooded_box

Skill      XL: |  1  2  3  4  5 |
---------------+----------------+-----
Unarmed Combat | 4 5 |  5.3
Fighting       | 4 5 |  5.2
Stealth        | 3 |  3.8
Dodging        | |  2.8

Action                   |  1- 3 |  4- 6 || total
-------------------------+-------+-------++-------
Melee: Unarmed           |    91 |   149 ||   240
       Punch             |       |     8 ||     8
  Use: Scroll            |       |     3 ||     3
       Potion            |       |     1 ||     1
 Stab: Sleeping          |       |     2 ||     2
Armor: Robe              |    12 |    34 ||    46
Dodge: Dodged            |    41 |    79 ||   120
